 Dungeon Crawl Stone Soup version 0.31-a0-996-g3b49de5836 (webtiles) character file.

Game seed: 9687412977229767393

314621 Gargoyl the Executioner (level 21, -5/222 HPs)
             Began as a Gargoyle Berserker on Nov 6, 2023.
             Was an Elder of Trog.
             Slain by a vault guard
             ... wielding a +0 glaive
              (15 damage)
             ... on level 5 of the Vaults on Nov 7, 2023.
             The game lasted 01:19:45 (43735 turns).

Gargoyl the Executioner (Gargoyle Berserker)       Turns: 43735, Time: 01:19:46

Health: -5/222     AC: 34    Str: 32    XL:     21   Next: 72%
Magic:  21/21      EV: 18    Int:  8    God:    Trog [****..]
Gold:   3224       SH: 23    Dex: 15    Spells: 20/20 levels left

rFire   + . .        C - +9 war axe (elec)
rCold   . . .        a - +2 tower shield {reflect}
rNeg    + + .        G - +0 acid dragon scales
rPois   ∞            (helmet restricted)
rElec   +            L - +2 cloak
rCorr   +            S - +2 pair of gloves
SInv    .            w - +2 pair of boots
Will    +++++        V - amulet of the Four Winds {rN+ Will+++ Clar}
Stlth   x              - +6 ring of strength
HPRegen 1.57/turn    z - ring of protection from fire
MPRegen 0.17/turn

%: reflection, clarity
@: berserking (expiring), strong-willed, spiked, flying, regenerating, studying
Maces & Flails, very quick
A: sickness immunity, AC +16, big wings, negative energy resistance 1,
electricity resistance, torment resistance 1, petrification resistance, horns 1,
iridescent scales 1, berserk 1, deformed body
}: 1/15 runes: serpentine
a: Renounce Religion, Berserk, Trog's Hand, Brothers in Arms


You were on level 5 of the Vaults.
You worshipped Trog.
Trog was greatly pleased with you.
You visited 6 branches of the dungeon, and saw 34 of its levels.
You visited the Abyss 1 time.

You collected 5307 gold pieces.
You spent 2083 gold pieces at shops.

Inventory:

Hand Weapons
 k - a +9 war axe of flaming
 C - a +9 war axe of electrocution (weapon)
 N - a +7 antimagic broad axe
 R - a +3 heavy war axe
Missiles
 e - 13 curare-tipped darts (quivered)
 q - 31 poisoned darts
Armour
 a - a +2 tower shield of reflection (worn)
 w - a +2 pair of boots (worn)
 G - +0 acid dragon scales (worn)
 L - a +2 cloak (worn)
 S - a +2 pair of gloves (worn)
 U - a +2 helmet
Jewellery
 x - a +6 ring of strength (left hand)
 z - a ring of protection from fire (right hand)
 F - a ring of see invisible
 V - the amulet of the Four Winds (around neck) {rN+ Will+++ Clar}
   (You took it off a deep elf demonologist on level 3 of the Elven Halls)

   [amulet of nothing]

   rN+:       It protects you from negative energy.
   Will+++:   It greatly increases your willpower.
   Clar:      It protects you from confusion, rage, mesmerisation and fear.
 Y - the ring "Gioxof" {rN+ Str+6}
   (You took it off a deep elf pyromancer on level 3 of the Elven Halls)

   [ring of strength]

   Str+6:     It affects your strength (+6).
   rN+:       It protects you from negative energy.
 Z - a ring of resist corrosion
Wands
 g - a wand of light (5)
 j - a wand of flame (36)
 m - a wand of mindburst (12)
 p - a wand of iceblast (21)
 v - a wand of digging (8)
 y - a wand of paralysis (58)
 Q - a wand of polymorph (10)
Scrolls
 b - 15 scrolls of teleportation
 d - a scroll of torment
 f - 25 scrolls of identify
 h - 2 scrolls of silence
 E - 5 scrolls of fear
 H - 3 scrolls of blinking
 M - 3 scrolls of poison
 P - a scroll of revelation
Potions
 c - 3 potions of might
 i - a potion of berserk rage
 l - 9 potions of haste
 n - 5 potions of ambrosia
 o - 3 potions of magic
 r - 5 potions of curing
 u - 5 potions of enlightenment
 A - a potion of invisibility
 B - 6 potions of attraction
 D - 2 potions of resistance
 J - a potion of lignification
 X - a potion of mutation


   Skills:
 + Level 20.8 Fighting
 + Level 5.5(5.8) Short Blades
 + Level 2.0(4.1) Long Blades
 + Level 21.6 Axes
 + Level 1.0 Throwing
 + Level 12.1 Armour
 + Level 12.9 Dodging
 + Level 9.4 Stealth
 + Level 19.8 Shields
 + Level 1.1 Evocations


You had 20 spell levels left.
You didn't know any spells.
Your spell library was empty.

Dungeon Overview and Level Annotations

Branches:
Dungeon (15/15)            Temple (0/1) D:4            Lair (5/5) D:11
  Swamp (0/4) Lair:3        Snake (4/4) Lair:2        Slime (0/5) Lair:4
    Orc (2/2) D:12            Elf (3/3) Orc:2        Vaults (5/5) D:14
  Crypt (0/3) Vaults:2     Depths (0/4) D:15

Altars:
Fedhas
Hepliaklqana
Kikubaaqudgha
Nemelex Xobeh
Ru
Sif Muna
Uskayaw
Wu Jian
The Shining One
Jiyva
Lugonu

Shops:
D:1 !!*   D:9 *   Orc:1 [   Orc:2 ?(([   Elf:1 !   Elf:2 ?[   Snake:4 [?(
Vaults:4 (

Portals:
Abyss: Lair:5
Trove: Vaults:4 (give scales of the Dragon King)

Annotations:
D:11 2 transporters, Malachi's ghost, journeyman GnSh


Innate Abilities, Weirdness & Mutations

You are immune to sickness and miasma.
Your stone body is resilient. (AC +16)
You are immune to poison.
Your large and strong wings let you fly.
You resist negative energy. (rN+)
You are resistant to electric shocks. (rElec)
You are resistant to unholy torment.
You are immune to petrification.
You have a pair of small horns on your head.
You are partially covered in iridescent scales. (AC +2)
You sometimes lose your temper in combat.
Armour fits poorly on your strangely shaped body.


Message History

You block the vault guard's attack.
The vault guard hits you from afar with a +0 bardiche!
* * * LOW HITPOINT WARNING * * *
You block the vault guard's attack.
The vault guard hits you but does no damage.
You block the vault guard's attack.
A stone giant comes into view.
The yaktaur captain hits you.
* * * LOW HITPOINT WARNING * * *
You block the vault guard's attack.
Unknown command.
Unknown command.
Okay, then.
You are too berserk!
The barbed spikes dig painfully into your body as you move.
* * * LOW HITPOINT WARNING * * *
The eye of devastation changes into a cyclops!
Items here: ))) [[[.
Unknown command.
Unknown command.
You chop the vault guard into pieces!!! You headbutt the vault guard!
The vault guard is severely wounded.
The vault guard hits you from afar with a +0 halberd!
* * * LOW HITPOINT WARNING * * *
You block the vault guard's attack.
The vault guard hits you but does no damage.
Unknown command.
You closely miss the vault guard.
The vault guard is severely wounded.
You slash the vault guard! You slash the ironbound frostheart!
You barely miss the ghostly vault guard.
Unknown command.
You hit the vault guard.
The vault guard is severely wounded.
You barely miss the vault guard. You slice the ironbound frostheart!!
You barely miss the ghostly vault guard.
You block the ghostly vault guard's attack.
The vault guard closely misses you. You block the vault guard's attack.
The vault guard hits you from afar with a +0 glaive!
You die...

#....# .#.C
#....#
......#..?.#
#.#...#....# ..
.....#....# (..
#.#..D#....#....
....ep.........
#####Qpp@p...##
.....4ppp<......
.....4pcpu<.....
.......4pe......
......C.........
#####........###
...........
...#....#...
.#..#....#...


You could see a golden dragon, a green very ugly thing, a vault warden, a tengu
reaver (repels missiles), a yaktaur captain (strong), 7 vault guards, a ghostly
vault guard, a deep elf death mage, an ironbound frostheart (strong), a deep elf
demonologist, an orange demon (summoned), a cyclops shaped shifter, a chaos
spawn (summoned) and a red devil (summoned).

Vanquished Creatures
  A quicksilver dragon (Snake:4)
  2 deep elf blademasters (Elf:3)
  2 deep elf master archers (Elf:3)
  2 sphinxes
  An ancient champion (Vaults:2)
  Agnes (Snake:3)
  6 tentacled starspawn
  Gastronok (Lair:1)
  Kirke (Lair:4)
  A fire giant (Vaults:3)
  5 nagarajas (Snake:4)
  6 deep elf sorcerers (Elf:3)
  Louise (Elf:2)
  13 vault wardens
  A deep elf elementalist (Elf:3)
  3 stone giants
  A formless jellyfish (Vaults:2)
  20 ironbound preservers
  2 ghouls (Vaults:2)
  2 very ugly things
  10 ironbound thunderhulks
  4 dire elephants
  5 deep elf demonologists (Elf:3)
  A deep elf annihilator (Elf:3)
  A lorocyproca (Abyss:3)
  3 deep elf high priests (Elf:3)
  2 ettins
  4 deep elf death magi
  An entropy weaver (Vaults:2)
  7 yaktaur captains
  2 hydras
  6 great orbs of eyes
  A peacekeeper (Vaults:3)
  4 salamander tyrants
  An ogre mage (D:15)
  28 vault guards
  7 ironbound frosthearts
  A catoblepas (D:13)
  14 anacondas
  A two-headed ogre (shapeshifter) (Elf:3)
  A death knight (D:15)
  25 dancing weapons
  Erica (Lair:1)
  A boulder beetle (D:14)
  3 tengu warriors
  17 centaur warriors
  5 orc high priests
  10 two-headed ogres
  8 shock serpents
  Urug (D:13)
  3 naga warriors
  A thrashing horror (Lair:5)
  2 demonic crawlers (D:12)
  15 naga sharpshooters
  13 deep elf knights
  2 skysharks
  4 salamander mystics
  A sun demon (Abyss:3)
  A sea snake (Snake:1)
  A golden dragon zombie (Vaults:4)
  43 deep trolls
  A spatial maelstrom (Abyss:4)
  6 naga ritualists
  3 glowing orange brains
  7 arcanists
  8 deep elf archers
  3 orc knights
  2 harpies (Vaults:2)
  14 lindwurms
  A shadow dragon skeleton (Vaults:4)
  A necromancer (Vaults:4)
  18 mana vipers
  10 ironbound convokers
  14 deep elf zephyrmancers
  32 ugly things
  2 orc sorcerers (Orc:2)
  22 deep elf pyromancers
  9 salamanders
  5 cyclopes
  4 manticores
  2 salamanders (shapeshifter)
  3 guardian serpents
  45 black mambas
  13 elephants
  22 vault sentinels
  A torpor snail (shapeshifter) (Vaults:3)
  14 naga magi
  3 rime drakes
  11 cane toads
  2 efreet
  4 freezing wraiths
  Jeremiah (D:8)
  5 komodo dragons
  16 yaktaurs
  4 tengu conjurers
  A yaktaur zombie (Vaults:4)
  2 unseen horrors (D:12)
  An ancient zyme (Abyss:3)
  5 trolls
  5 polar bears
  A hellwing (Abyss:3)
  A tarantella (shapeshifter) (Elf:1)
  A tyrant leech (D:12)
  27 blink frogs
  Grinder (D:5)
  9 raiju
  36 slime creatures
  A culicivora (shapeshifter) (Lair:5)
  2 shadows
  A wyvern (Lair:4)
  2 spriggans (Lair:5)
  2 air elementals
  3 fire elementals
  38 yaks
  9 water elementals
  6 wraiths
  10 basilisks
  6 large abominations
  6 hogs (Lair:4)
  5 fire bats
  4 ynoxinuls
  10 starcursed masses (Abyss:3)
  3 redbacks (Vaults:2)
  A chaos spawn (Lair:5)
  9 humans (D:14)
  A basilisk (shapeshifter) (Lair:5)
  A steam dragon (D:9)
  2 vampire mosquitoes (D:10)
  4 wargs (Orc:2)
  A swamp worm (shapeshifter) (Vaults:4)
  An acid dragon (D:11)
  31 nagas
  A glowing shapeshifter skeleton (Vaults:4)
  11 water moccasins
  A sky beast (shapeshifter) (D:13)
  An ice beast (Vaults:4)
  A sky beast (D:5)
  A human skeleton (Vaults:4)
  30 orc warriors
  3 black bears
  8 ogres
  2 wolves (D:11)
  14 centaurs
  A phantom (D:6)
  4 kobold brigands
  11 bullfrogs
  4 gnoll sergeants
  10 small abominations
  7 scorpions
  3 earth elementals (Elf:1)
  11 wights
  20 killer bees
  3 electric eels
  2 howler monkeys (D:9)
  A vampire bat (D:12)
  A quasit (Abyss:3)
  9 hounds
  26 orc priests
  A gnoll bouda (D:5)
  An iron imp (Abyss:3)
  3 jellies
  5 iguanas
  43 orc wizards
  A sleepcap (D:6)
  7 hell rats
  20 gnolls
  5 adders
  4 river rats (D:12)
  3 shadow imps
  3 white imps
  9 worms (D:12)
  2 dart slugs (D:3)
  69 orcs
  5 ball pythons
  6 endoplasms
  10 giant cockroaches
  6 goblins
  A hobgoblin (D:3)
  4 jackals (D:2)
  5 quokkas
  9 bats
  A frilled lizard (D:3)
  48 kobolds
  5 kobold skeletons (D:9)
  9 kobold zombies (D:9)
  13 rats
  A spectral weapon (Snake:3)
  2 starspawn tentacles
1377 creatures vanquished.

Vanquished Creatures (collateral kills)
  A deep elf sorcerer (Elf:3)
  2 deep elf annihilators (Elf:3)
  A salamander tyrant (Snake:4)
  A dancing weapon (Elf:2)
  A thrashing horror (Lair:5)
  A shock serpent (Snake:4)
  A deep elf knight (Elf:3)
  2 large abominations (Lair:5)
  A sun demon (Abyss:3)
  2 naga sharpshooters
  A wretched star (Abyss:3)
  2 deep trolls (Vaults:2)
  2 deep elf archers (Elf:3)
  2 deep elf pyromancers (Elf:3)
  An ironbound convoker (Vaults:1)
  6 starcursed masses (Abyss:3)
  2 deep elf zephyrmancers (Elf:3)
  An ugly thing (Lair:5)
  3 naga magi
  A kobold demonologist (D:9)
  3 blink frogs (Lair:5)
  4 nagas
  2 small abominations (Lair:5)
  3 kobold brigands (D:9)
  A killer bee (D:9)
  6 kobolds (D:9)
  4 kobold zombies (D:9)
  2 starspawn tentacles (Abyss:3)
59 creatures vanquished.

Vanquished Creatures (others)
  A deep elf elementalist (Elf:3)
  A deep elf knight (Elf:1)
  2 deep elf pyromancers
  A tengu conjurer (D:13)
  An orc wizard (D:10)
  17 starspawn tentacles
23 creatures vanquished.

Grand Total: 1459 creatures vanquished

Notes
Turn   | Place    | Note
-------+----------+-------------------------------------------
     0 | D:1      | Gargoyl the Gargoyle Berserker began the quest for the Orb.
     0 | D:1      | Reached XP level 1. HP: 14/14 MP: 1/1
    84 | D:1      | Reached XP level 2. HP: 10/19 MP: 2/2
   170 | D:1      | Found Ofireude's Distillery.
   189 | D:1      | Found Dam Goff's Distillery.
   273 | D:1      | Reached skill level 3 in Axes
   376 | D:1      | Found Xoolaics's Assorted Antiques.
   623 | D:1      | Reached XP level 3. HP: 24/24 MP: 3/3
   624 | D:1      | Reached ** piety under Trog
  1744 | D:3      | Reached XP level 4. HP: 29/29 MP: 4/4
  1759 | D:3      | Reached skill level 4 in Axes
  2079 | D:3      | Found a glowing golden altar of the Shining One.
  2218 | D:3      | Found a faded altar of an unknown god.
  2373 | D:4      | Reached XP level 5. HP: 31/33 MP: 5/5
  2550 | D:4      | Identified the amulet "Dazojan" {Reflect rElec rPois SH+5}
  2862 | D:4      | Found a staircase to the Ecumenical Temple.
  3171 | D:4      | You fall into a shaft and drop 2 floors!
  3238 | D:5      | Entered Level 5 of the Dungeon
  3243 | D:5      | Identified a scroll of acquirement
  3243 | D:5      | Acquired 788 gold pieces
  3259 | D:5      | Noticed an ogre
  3266 | D:5      | Reached skill level 1 in Short Blades
  3266 | D:5      | Reached skill level 1 in Shields
  3266 | D:5      | Reached XP level 6. HP: 17/39 MP: 6/6
  3368 | D:5      | Noticed a sky beast
  3379 | D:5      | Killed a sky beast
  3380 | D:5      | Reached skill level 5 in Fighting
  3380 | D:5      | Reached XP level 7. HP: 43/44 MP: 7/7
  3385 | D:5      | Found a blossoming altar of Fedhas.
  3597 | D:5      | Noticed Grinder
  3607 | D:5      | Killed Grinder
  3671 | D:5      | Found a hide-covered altar of Uskayaw.
  3710 | D:5      | Reached skill level 5 in Armour
  3710 | D:5      | Reached XP level 8. HP: 30/49 MP: 8/8
  4061 | D:5      | Reached *** piety under Trog
  4233 | D:5      | Found a hazy altar of Hepliaklqana.
  4757 | D:6      | Reached skill level 1 in Stealth
  5625 | D:7      | Reached skill level 5 in Short Blades
  5625 | D:7      | Reached XP level 9. HP: 55/55 MP: 9/9
  6625 | D:8      | Identified the amulet of Elyvilon's Respect {RegenMP Slay+4
                  | Stlth+}
  6707 | D:8      | Reached skill level 5 in Axes
  6840 | D:7      | Reached **** piety under Trog
  7430 | D:8      | Noticed Jeremiah
  7461 | D:8      | HP: 2/55 [Jeremiah/divine providence (12)]
  7467 | D:8      | Killed Jeremiah
  7468 | D:8      | Reached skill level 6 in Axes
  7611 | D:8      | Upgraded the game from 0.31-a0-995-g04711c9635 to
                  | 0.31-a0-996-g3b49de5836
  7727 | D:8      | Identified the blade talisman of Aru Joss {Dex+5}
  8127 | D:9      | Reached skill level 1 in Evocations
  8146 | D:9      | Noticed a two-headed ogre
  8153 | D:9      | Reached skill level 7 in Axes
  8156 | D:9      | Killed a two-headed ogre
  8157 | D:9      | Reached skill level 8 in Axes
  8157 | D:9      | Reached XP level 10. HP: 55/61 MP: 10/10
  8262 | D:9      | Noticed a kobold demonologist
  8276 | D:9      | Killed a kobold demonologist
  8277 | D:9      | Reached skill level 9 in Axes
  8398 | D:9      | Reached skill level 5 in Shields
  8463 | D:9      | Found an ancient bone altar of Kikubaaqudgha.
  8613 | D:9      | Reached skill level 10 in Axes
  8682 | D:9      | Noticed a two-headed ogre
  8691 | D:9      | Killed a two-headed ogre
  8692 | D:9      | Reached skill level 11 in Axes
  8883 | D:9      | Found an ornate altar of the Wu Jian Council.
  8999 | D:9      | Found Geiq's Assorted Antiques.
  9007 | D:9      | Bought a scroll of teleportation for 105 gold pieces
  9031 | D:9      | Identified the +4 battleaxe of Iwnirook {vamp, *Rage rC+
                  | Str+3}
  9367 | D:10     | Entered Level 10 of the Dungeon
  9454 | D:10     | Reached XP level 11. HP: 42/68 MP: 11/11
  9750 | D:10     | Identified the +2 robe of the Pure Tales {+Inv Will-
                  | Slay+3}
  9984 | D:10     | Reached ***** piety under Trog
 10329 | D:11     | Reached skill level 12 in Axes
 10413 | D:11     | Found a shimmering blue altar of Sif Muna.
 10470 | D:11     | Found a staircase to the Lair.
 10663 | D:11     | Found a transporter.
 10684 | D:11     | Noticed Malachi's ghost (journeyman GnSh)
 10962 | D:11     | Found a transporter.
 11400 | D:14     | Identified the of Ysive
 11400 | Gauntlet | Identified the "Qucougu"
 11400 | Lair:1   | Entered Level 1 of the Lair of Beasts
 11417 | Lair:1   | Noticed Gastronok
 11428 | Lair:1   | Reached skill level 13 in Axes
 11433 | Lair:1   | Killed Gastronok
 11461 | Lair:1   | Noticed a skyshark
 11470 | Lair:1   | Killed a skyshark
 11488 | Lair:1   | Noticed Erica
 11496 | Lair:1   | Reached XP level 12. HP: 39/75 MP: 12/12
 11714 | Lair:1   | Reached skill level 14 in Axes
 11724 | Lair:1   | Killed Erica
 11725 | Lair:1   | Reached skill level 5 in Dodging
 12851 | Lair:2   | Found a staircase to the Snake Pit.
 13258 | Lair:3   | Found a staircase to the Swamp.
 13326 | Lair:3   | Reached skill level 10 in Armour
 13465 | Lair:3   | Reached skill level 15 in Axes
 14170 | Lair:4   | Reached skill level 10 in Fighting
 14170 | Lair:4   | Reached XP level 13. HP: 82/82 MP: 13/13
 14190 | Lair:4   | Found a viscous altar of Jiyva.
 14190 | Lair:4   | Found a staircase to the Slime Pits.
 14578 | Lair:4   | Noticed Kirke
 14590 | Lair:4   | Killed Kirke
 14795 | Lair:4   | Reached skill level 1 in Long Blades
 14884 | Lair:5   | Entered Level 5 of the Lair of Beasts
 14913 | Lair:5   | Reached skill level 16 in Axes
 15587 | Lair:5   | Gained mutation: Your large and strong wings let you fly.
                  | [Gargoyle growth]
 15587 | Lair:5   | Reached XP level 14. HP: 61/90 MP: 14/14
 15613 | Lair:5   | Reached skill level 17 in Axes
 15679 | Lair:5   | Identified the ring of Vampiric Thralls {Ice Fly}
 15862 | Lair:5   | Found a corrupted altar of Lugonu.
 15862 | Lair:5   | Found a one-way gate to the infinite horrors of the Abyss.
 17008 | D:12     | Found a staircase to the Orcish Mines.
 17253 | D:12     | Received a gift from Trog
 18058 | D:13     | Noticed Urug
 18071 | D:13     | Killed Urug
 18210 | D:13     | Found a sparkling altar of Nemelex Xobeh.
 18402 | D:13     | Found a sacrificial altar of Ru.
 18870 | D:14     | Reached XP level 15. HP: 99/99 MP: 15/15
 18945 | D:14     | Found a gate to the Vaults.
 19256 | D:14     | Reached skill level 18 in Axes
 20322 | D:15     | Entered Level 15 of the Dungeon
 20477 | D:15     | Found a staircase to the Depths.
 20492 | D:15     | Reached skill level 10 in Shields
 20509 | D:15     | HP: 5/100 [two-headed ogre/+0 giant club (14)]
 21670 | Orc:1    | Entered Level 1 of the Orcish Mines
 21675 | Orc:1    | Reached skill level 5 in Stealth
 21743 | Orc:2    | Entered Level 2 of the Orcish Mines
 21907 | Orc:2    | Received a gift from Trog
 22092 | Orc:2    | Reached XP level 16. HP: 89/107 MP: 16/16
 22095 | Orc:2    | Found Ipinod's Magic Scroll Shop.
 22095 | Orc:2    | Found Emy Oxuc's Antique Weapon Boutique.
 22114 | Orc:2    | Found Moumiav's Weapon Shop.
 22126 | Orc:2    | Found Kuykhuh's Antique Armour Boutique.
 22148 | Orc:2    | Bought a scroll of teleportation for 42 gold pieces
 22148 | Orc:2    | Bought a scroll of blinking for 105 gold pieces
 22151 | Orc:2    | Bought an encrusted hand axe for 256 gold pieces
 22151 | Orc:2    | Identified the +6 hand axe of Berobla {drain, Fly rN++
                  | rCorr Str-4} (You bought it in a shop on level 2 of the
                  | Orcish Mines)
 22151 | Orc:2    | Bought a runed war axe for 208 gold pieces
 22262 | Orc:2    | Found a staircase to the Elven Halls.
 22306 | Orc:1    | Received a gift from Trog
 23005 | Orc:1    | Reached skill level 15 in Fighting
 23107 | Orc:1    | Found Ebingec's Antique Armour Shoppe.
 23420 | Snake:1  | Entered Level 1 of the Snake Pit
 25588 | Snake:2  | Received a gift from Trog
 26505 | Snake:3  | Reached XP level 17. HP: 104/115 MP: 10/17
 26701 | Snake:3  | Reached skill level 19 in Axes
 26926 | Snake:3  | Noticed Agnes
 26943 | Snake:3  | Killed Agnes
 26944 | Snake:3  | Reached skill level 15 in Shields
 27633 | Snake:4  | Entered Level 4 of the Snake Pit
 27832 | Snake:4  | Acquired 718 gold pieces
 27954 | Snake:4  | Reached skill level 10 in Dodging
 28017 | Snake:4  | Found Vuphewk's Weapon Emporium.
 28020 | Snake:4  | Found Hyationk's Magic Scroll Shoppe.
 28022 | Snake:4  | Found Mifas's Antique Armour Emporium.
 28056 | Snake:4  | Bought a scroll of blinking for 127 gold pieces
 28056 | Snake:4  | Bought a scroll of teleportation for 51 gold pieces
 28058 | Snake:4  | Bought a glowing plate armour for 676 gold pieces
 28140 | Snake:4  | Received a gift from Trog
 28435 | Snake:4  | Noticed a quicksilver dragon
 28453 | Snake:4  | Killed a quicksilver dragon
 28751 | Snake:4  | Got a serpentine rune of Zot
 29035 | Vaults:1 | Entered Level 1 of the Vaults
 29125 | Vaults:1 | Reached XP level 18. HP: 122/122 MP: 18/18
 30028 | Vaults:1 | You are sucked into a shaft and drop 1 floor!
 30150 | Vaults:2 | Found a staircase to the Crypt.
 31081 | Vaults:1 | Reached skill level 20 in Axes
 31393 | Vaults:1 | Reached XP level 19. HP: 75/130 MP: 19/19
 31400 | Vaults:1 | Identified the +5 ring mail of Insecurity {Dex+6}
 33157 | D:1      | Bought a potion of heal wounds for 55 gold pieces
 33157 | D:1      | Bought a potion of mutation for 88 gold pieces
 33157 | D:1      | Bought a potion of curing for 33 gold pieces
 33157 | D:1      | Bought a potion of curing for 33 gold pieces
 33537 | Vaults:2 | Gained mutation: You are partially covered in iridescent
                  | scales. (AC +2) [potion of mutation]
 33537 | Vaults:2 | Gained mutation: You sometimes lose your temper in combat.
                  | [potion of mutation]
 33537 | Vaults:2 | Gained mutation: You have a pair of small horns on your
                  | head. [potion of mutation]
 36580 | Vaults:4 | Received a gift from Trog
 36664 | Vaults:4 | Found Hadac's Antique Weapon Shoppe.
 36671 | Vaults:4 | Reached XP level 20. HP: 126/139 MP: 20/20
 37651 | Vaults:4 | Identified the +2 leather armour of Sloth {+Inv rPois rN+}
 37725 | Vaults:4 | Found a portal to a secret trove of treasure.
 38124 | Crypt:1  | Identified the "Xoujet"
 38124 | Crypt:1  | Identified the "Coupnag"
 38124 | Elf:1    | Entered Level 1 of the Elven Halls
 38265 | Elf:1    | Reached ****** piety under Trog
 38354 | Elf:1    | Identified the +2 pair of boots "Fyanwal" {rC+ Dex+2}
 38374 | Elf:1    | Found Xytidd's Distillery.
 38380 | Elf:1    | Bought a potion of ambrosia for 128 gold pieces
 38380 | Elf:1    | Bought a potion of ambrosia for 128 gold pieces
 38380 | Elf:1    | Bought a potion of curing for 48 gold pieces
 39013 | Elf:2    | Found a runed translucent gate.
 39013 | Elf:2    | Found a runed translucent gate.
 39013 | Elf:2    | Found a runed translucent gate.
 39037 | Elf:2    | Received a gift from Trog
 39113 | Elf:2    | Found Zeptyd's Magic Scroll Shop.
 39167 | Elf:2    | Reached skill level 21 in Axes
 39274 | Elf:2    | Found Atzuogh's Armour Shoppe.
 39365 | Elf:2    | Noticed Louise
 39391 | Elf:2    | Killed Louise
 40343 | Elf:3    | Entered Level 3 of the Elven Halls
 40409 | Elf:3    | Identified the +11 war axe "Zilaon Vargh" {heavy, rN+}
                  | (Trog gifted it to you on level 3 of the Elven Halls)
 40409 | Elf:3    | Received a gift from Trog
 41308 | Elf:3    | Paralysed by an air elemental for 1 turns
 41429 | Elf:3    | Reached XP level 21. HP: 146/146 MP: 21/21
 41478 | Elf:3    | Identified the +1 robe of the Flute {Will- SInv Archmagi}
 41478 | Elf:3    | Identified the ring "Gioxof" {rN+ Str+6}
 41547 | Abyss:3  | Cast into level 3 of the Abyss (a deep elf sorcerer)
 41817 | Abyss:3  | Received a gift from Trog
 41847 | Abyss:3  | HP: 4/146 [sun demon[a balrug] (8)]
 41849 | Abyss:3  | Gained mutation: Armour fits poorly on your strangely
                  | shaped body. [a neqoxec]
 42428 | Abyss:3  | Found a corrupted altar of Lugonu.
 42592 | Elf:3    | Escaped the Abyss
 42597 | Elf:3    | Identified the +5 scale mail "Gyaluep" {Fly Dex+2}
 43088 | Elf:3    | Identified the +3 pair of gloves of Ravioli {Rampage *Slow
                  | rPois rF++}
 43131 | Elf:3    | Identified the +5 sling "Baiklicw" {flame, Str+3}
 43388 | Elf:3    | Reached skill level 1 in Throwing
 43700 | Vaults:5 | Entered Level 5 of the Vaults
 43725 | Vaults:5 | Noticed a golden dragon
 43733 | Vaults:5 | HP: 9/222 [vault guard/+0 halberd (15)]
 43735 | Vaults:5 | Slain by a vault guard

Illustrated notes

Levels and vault maps discovered:
D:1:      beargit_arrival_diablo_church, layout_basic, serial_shops, shop,
          nicolae_shop_just_a_little_nook, nicolae_shop_advertising_works
          [nicolae_subvault_shop_adworks], lexackson_kobold_supper
D:2:      layout_basic
D:3:      layout_basic, mainiacjoe_overflow_24_doors,
          dreamdust_ecumenical_altar_angels_and_demons, minmay_misc_feat_tower,
          hangedman_decor_opposing
D:4:      layout_loops_cross, minmay_temple_entry_junction_2,
          chequers_hall_statues_corner_a
D:5:      layout_rooms, fedhas_bush_and_centaur_altar,
          nicolae_hepliaklqana_hippocampus, nicolae_uskayaw_suspiria,
          uniq_grinder
D:6:      minmay_inner_zag, layout_gridville
D:7:      layout_basic, minivault_24
D:8:      layout_cave_pods, uniq_jeremiah
D:9:      wander_kiku_kobolds, layout_loops_ring, mainiacjoe_overflow_paths,
          serial_shops, shop
D:10:     layout_roguey, kennysheep_nub, corexii_checkpoint
D:11:     layout_loops_corners, erik_lair_island, gammafunk_ghost_stat_death,
          lemuel_blue_sif_altar
D:12:     layout_roguey, david_orc_2, hangedman_parallel_progression
D:13:     layout_basic, hangedman_feature_mirror, uniq_urug
D:14:     layout_gridville, ximxim_vaults_locker_room
D:15:     grunt_enter_depths_giant_problem, layout_small_grid,
          gauntlet_entry_generic, serial_bayou_shore_b,
          serial_library_hellmonk_room_b
Lair:1:   layout_chaotic_city, serial_bayou_crossing, uniq_gastronok, uniq_erica
Lair:2:   layout_regular_city, nicolae_snake_entry_squirm,
          chequers_serial_rivers_micro_c, grunt_megastairs_3,
          serial_bayou_shore_a
Lair:3:   layout_gridlike, swamp_mist
Lair:4:   layout_cave_pods, dpeg_slime_entry_enclosed, uniq_kirke
Lair:5:   hellmonk_lair_end_abyssal_woods, layout_hall_layers
Snake:1:  layout_gridlike, nicolae_snake_springs
Snake:2:  layout_chambers
Snake:3:  layout_gridlike, nicolae_zig_zag_zippers, uniq_agnes
Snake:4:  hellmonk_snake_rune_quicksilver_temple, layout_onion_interference,
          special_room, minmay_shop_star
Orc:1:    layout_diamond_mine, serial_shops, shop
Orc:2:    st_orc_mages, layout_diamond_mine, nooodl_orcs_dogs
Elf:1:    layout_geoelf_octagon, serial_shops, shop, minivault_28
Elf:2:    elven_hall_of_blades_hangedman_original [nicolae_blade_little_rooms],
          layout_gridlike, serial_shops, nicolae_shop_behind_doors,
          nicolae_take_the_stairs, nicolae_shop_pleasant_corner_grove,
          nicolae_shop_real_fake_doors, nicolae_elf_v_pinch, uniq_louise
Elf:3:    minmay_elf_hall_curves, layout_loops_corners,
          nicolae_elf_big_sculpture_3
Vaults:1: nicolae_vaults_minivaults, nicolae_vaults_network_quinsquares
          [nicolae_vaults_network_quincunx_subvault,
          nicolae_vaults_network_quincunx_subvault,
          nicolae_vaults_network_quincunx_subvault,
          nicolae_vaults_network_quincunx_subvault],
          nicolae_vaults_little_squares_1, nicolae_vaults_shelves_hall,
          ontoclasm_vaults_ligature, dpeg_vaults_monster_box, v_misc_29,
          nicolae_vaults_weapon_check, vaults_room_grunt_arrival_ludios,
          v_misc_25, layout_vaults_maze_snakey
Vaults:2: vaults_mumra_minichess, vaults_standard_mumra_lines,
          ontoclasm_vaults_claustrophobia, nicolae_vaults_trapezoid_lopsided_1,
          minmay_crypt_entry_simple_sparse, nicolae_vaults_closet_pinwheel_4,
          nicolae_vaults_door_testing_chamber, nicolae_vaults_house_2,
          layout_vaults_omnigrid
Vaults:3: nicolae_vaults_gold_heap, v_misc_28, nicolae_vaults_turnstiles,
          nicolae_vaults_cornered_office, nicolae_vaults_border_crossing,
          nicolae_vaults_double_plus_2, nicolae_vaults_off_center_swirl,
          vaults_mumra_lcd, vaults_mumra_chevron_long, v_misc_5, v_pattern_5,
          layout_vaults_ring
Vaults:4: nicolae_vaults_storage_room_statues, nicolae_vaults_yaktaur_gun_rack,
          nicolae_vaults_network_barrier, nicolae_vaults_security_offices_2,
          v_misc_5, nicolae_vaults_meiosis, grunt_vaults_funnel,
          nicolae_vaults_trapezoid_lopsided_1, v_misc_12,
          nicolae_vaults_oval_intersection, vaults_room_pool, serial_ice_m,
          nicolae_vaults_diamond_2, layout_vaults_omnibox, enter_trove_2,
          serial_shops, shop
Vaults:5: uniq_mennas

Skill      XL: |  1  2  3  4  5  6  7  8  9 10 11 12 13 14 15 16 17 18 19 20 21 |
---------------+----------------------------------------------------------------+-----
Axes           | 3 4 8 11 13 15 16 17 18 19 20 21 | 21.6
Dodging        | 2 3 4 5 6 7 8 9 10 11 12 | 12.9
Fighting       | 4 5 6 7 8 10 11 13 14 15 16 17 19 20 | 20.8
Armour         | 3 4 5 6 8 9 10 11 12 | 12.1
Short Blades   | 1 2 3 5 |  5.5
Shields        | 1 2 3 4 5 6 8 11 14 16 17 18 19 | 19.8
Stealth        | 1 2 4 5 6 7 8 9 |  9.4
Evocations     | 1 |  1.1
Long Blades    | 2 |  2.0
Throwing       | 1 |  1.0

Action                     |  1- 3 |  4- 6 |  7- 9 | 10-12 | 13-15 | 16-18 | 19-21 || total
---------------------------+-------+-------+-------+-------+-------+-------+-------++-------
  Melee: Hand axe          |    89 |       |       |       |       |       |       ||    89
         Short sword       |    17 |   104 |   349 |       |       |       |       ||   470
         War axe           |       |       |   110 |   290 |   603 |  1152 |  1066 ||  3221
         Battleaxe         |       |       |       |   216 |   241 |       |       ||   457
         Scimitar          |       |       |       |       |    12 |       |       ||    12
         Headbutt          |       |       |       |       |       |       |   312 ||   312
  Throw: Dart              |       |       |     3 |       |       |       |     7 ||    10
 Invoke: Trog's Hand       |       |     2 |     6 |     7 |     9 |    18 |    20 ||    62
         Berserk           |       |     2 |     7 |     9 |    11 |    23 |    16 ||    68
         Brothers in Arms  |       |       |       |     2 |     3 |    12 |     8 ||    25
  Evoke: Wand              |       |       |     4 |       |       |       |       ||     4
    Use: Scroll            |     5 |     2 |    13 |     9 |     7 |    13 |    18 ||    67
         Potion            |       |       |     3 |       |     4 |     1 |    15 ||    23
   Stab: Sleeping          |       |       |       |       |     9 |    10 |    13 ||    32
         Distracted        |       |       |       |       |       |     4 |     1 ||     5
 Armour: Animal skin       |    15 |       |       |       |       |       |       ||    15
         Scale mail        |    20 |       |       |       |       |       |       ||    20
         Chain mail        |    40 |    63 |   371 |   329 |       |       |       ||   803
         Skin              |       |       |     1 |       |       |       |       ||     1
         Acid dragon scale |       |       |       |   226 |   647 |   869 |   643 ||  2385
  Dodge: Dodged            |    49 |    42 |   188 |   310 |   458 |   640 |   451 ||  2138
  Block: Buckler           |     7 |    11 |    70 |    99 |   287 |   792 |   575 ||  1841
         Reflection        |       |       |       |       |    24 |    63 |    49 ||   136
         Tower shield      |       |       |       |       |       |       |    72 ||    72

Table legend: (Time is in decaauts)
 A = Elapsed time spent in this place.
 B = Non-inter-level travel time spent in this place.
 C = Inter-level travel time spent in this place.
 D = Time resting spent in this place.
 E = Time spent auto-exploring this place.
 F = Levels seen in this place.
 G = Mean time per level.
                   A        B        C        D        E       F      G
               +--------+--------+--------+--------+--------+-----+--------+
         Total |  44041 |  40781 |   3260 |   4452 |  26420 |  36 | 1223.4 |
       Dungeon |  19215 |  17138 |   2077 |   1486 |  11881 |  15 | 1281.0 |
          Lair |   5132 |   4901 |    231 |    284 |   3417 |   5 | 1026.4 |
     Snake Pit |   5347 |   5200 |    147 |    557 |   3339 |   4 | 1336.8 |
  Orcish Mines |   1723 |   1531 |    192 |      0 |   1031 |   2 |  861.5 |
   Elven Halls |   4317 |   4169 |    148 |    744 |   2199 |   3 | 1439.0 |
        Vaults |   7261 |   6798 |    463 |   1107 |   4253 |   5 | 1452.2 |
         Abyss |   1043 |   1043 |      0 |    272 |    299 |   2 |  521.5 |
               +--------+--------+--------+--------+--------+-----+--------+

Top non-repeatable levels by time:
    D:14: 2187 daAuts
Vaults:1: 2107 daAuts
   Elf:3: 2020 daAuts
Vaults:3: 1927 daAuts
Vaults:2: 1795 daAuts
    D:13: 1687 daAuts
 Snake:1: 1577 daAuts
    D:11: 1525 daAuts
     D:7: 1478 daAuts
   Elf:2: 1478 daAuts
     D:8: 1439 daAuts
     D:6: 1437 daAuts
  Lair:5: 1414 daAuts
Vaults:4: 1411 daAuts
 Snake:2: 1376 daAuts
